General information
			
			
        
        - name: grudge2
 
        - type: Custom game
 
        - host: TALONSAREIMBA
 
        - saver: Gobiner
 
        
map: TwistedMeadows 
        - players: 7
 
        - length: 19:56
 
        - speed: Fast
 - version: 1.22 W3XP
 - replay type:  Public
 
» download(207 KB)
Players
        team 1 (winner) 
              
              
TALONSAREIMBA (
pink | 134 APM | 2662 actions | 19:54)
              
 4 Death Knight 
 2 Death Coil
 2 Unholy Aura
 3 Lich 
 2 Frost Nova
 1 Frost Armor
 3 Dreadlord 
 2 Sleep
 1 Carrion Swarm
 
                » actions 
                
                | Assign group hotkey | 31 |  | 
| Basic commands | 206 |  | 
| Build / train | 54 |  | 
| Enter build submenu | 13 |  | 
| Enter hero's abilities submenu | 10 |  | 
| Give item / drop item | 5 |  | 
| Right click | 1285 |  | 
| Select / deselect | 548 |  | 
| Select group hotkey | 438 |  | 
| Use ability | 72 |  | 
                2662 total
 » units 
                
                | Acolyte | 7 |  | 
| Ghoul | 3 |  | 
| Crypt Fiend | 12 |  | 
| Frost Wyrm | 5 |  | 
                27 total
 » upgrades
                » buildings
                
                | Crypt | 1 |  | 
| Graveyard | 1 |  | 
| Altar of Darkness | 1 |  | 
| Ziggurat | 5 |  | 
| Tomb of Relics | 1 |  | 
| Nerubian Tower | 1 |  | 
| Spirit Tower | 2 |  | 
| Halls of the Dead | 1 |  | 
| Sacrificial Pit | 1 |  | 
| Black Citadel | 1 |  | 
| Boneyard | 1 |  | 
                16 total
 » build order
                00:04 Crypt
00:16 Graveyard
00:40 Altar of Darkness
00:56 Ziggurat
01:22 Tomb of Relics
01:58 Ziggurat
02:39 Nerubian Tower
05:26 Spirit Tower
05:52 Halls of the Dead
05:53 Ziggurat
08:36 Sacrificial Pit
09:38 Black Citadel
09:57 Ziggurat
10:47 Spirit Tower
11:50 Ziggurat
12:02 Boneyard
» items
                
                | Rod of Necromancy | 1 |  | 
| Potion of Mana | 2 |  | 
| Scroll of Town Portal | 3 |  | 
| Potion of Healing | 1 |  | 
                7 total
  
               
              
              
» 
TIMG4STRok (
gray | 122 APM | 2438 actions | 19:54)
              
 4 Dreadlord 
 2 Sleep
 2 Vampiric Aura
 2 Death Knight 
 1 Death Coil
 1 Unholy Aura
 
                » actions 
                
                | Assign group hotkey | 20 |  | 
| Basic commands | 82 |  | 
| Build / train | 54 |  | 
| ESC pressed | 2 |  | 
| Enter build submenu | 25 |  | 
| Enter hero's abilities submenu | 6 |  | 
| Right click | 1320 |  | 
| Select / deselect | 238 |  | 
| Select group hotkey | 594 |  | 
| Use ability | 97 |  | 
                2438 total
 » units 
                
                | Acolyte | 7 |  | 
| Ghoul | 17 |  | 
| Obsidian Statue | 5 |  | 
| Abomination | 1 |  | 
                30 total
 » upgrades
                
                | Destroyer Form | 1 |  | 
| Disease Cloud | 1 |  | 
| Creature Carapace | 1 |  | 
                3 total
 » buildings
                
                | Crypt | 1 |  | 
| Altar of Darkness | 2 |  | 
| Ziggurat | 7 |  | 
| Tomb of Relics | 1 |  | 
| Nerubian Tower | 1 |  | 
| Halls of the Dead | 2 |  | 
| Graveyard | 1 |  | 
| Spirit Tower | 3 |  | 
| Necropolis | 3 |  | 
| Slaughterhouse | 2 |  | 
| Black Citadel | 2 |  | 
                25 total
 » build order
                00:05 Crypt
00:07 Altar of Darkness
00:31 Ziggurat
00:54 Tomb of Relics
01:28 Ziggurat
02:30 Nerubian Tower
03:53 Halls of the Dead
03:57 Graveyard
05:48 Ziggurat
06:25 Spirit Tower
08:18 Necropolis
09:11 Slaughterhouse
09:38 Black Citadel
09:38 Black Citadel
10:14 Ziggurat
11:07 Slaughterhouse
11:15 Ziggurat
11:17 Ziggurat
14:57 Spirit Tower
15:43 Spirit Tower
16:22 Necropolis
16:25 Necropolis
16:27 Altar of Darkness
16:30 Ziggurat
18:44 Halls of the Dead
» items
                
                | Rod of Necromancy | 2 |  | 
| Scroll of Town Portal | 1 |  | 
| Potion of Mana | 1 |  | 
| Orb of Corruption | 1 |  | 
                5 total
  
               team 2 (loser) 
              
              
greedoFthenoob (
yellow | 83 APM | 1658 actions | 19:54)
              
 4 Archmage 
 2 Summon Water Elemental
 2 Brilliance Aura
 2 Mountain King 
 1 Storm Bolt
 1 Thunder Clap
 
                » actions 
                
                | Assign group hotkey | 39 |  | 
| Basic commands | 64 |  | 
| Build / train | 59 |  | 
| ESC pressed | 3 |  | 
| Enter build submenu | 20 |  | 
| Enter hero's abilities submenu | 6 |  | 
| Right click | 707 |  | 
| Select / deselect | 436 |  | 
| Select group hotkey | 247 |  | 
| Use ability | 77 |  | 
                1658 total
 » units 
                
                | Peasant | 9 |  | 
| Footman | 7 |  | 
| Sorceress | 3 |  | 
| Priest | 6 |  | 
| Rifleman | 8 |  | 
| Flying Machine | 2 |  | 
| Mortar Team | 1 |  | 
                36 total
 » upgrades
                
                | Defend | 1 |  | 
| Sorceress Training | 1 |  | 
| Priest Training | 1 |  | 
| Long Rifles | 1 |  | 
                4 total
 » buildings
                
                | Altar of Kings | 1 |  | 
| Barracks | 1 |  | 
| Farm | 9 |  | 
| Scout Tower | 1 |  | 
| Arcane Tower | 1 |  | 
| Arcane Vault | 1 |  | 
| Keep | 1 |  | 
| Blacksmith | 1 |  | 
| Arcane Sanctum | 2 |  | 
| Workshop | 2 |  | 
| Castle | 1 |  | 
| Lumber Mill | 1 |  | 
                22 total
 » build order
                00:08 Altar of Kings
00:18 Barracks
00:32 Farm
00:40 Farm
01:38 Scout Tower
01:56 Farm
02:20 Arcane Tower
02:49 Arcane Vault
03:44 Keep
04:12 Blacksmith
05:26 Farm
06:10 Arcane Sanctum
06:13 Arcane Sanctum
07:27 Farm
07:56 Farm
08:06 Farm
09:20 Farm
10:31 Workshop
10:35 Farm
11:39 Workshop
11:59 Castle
17:10 Lumber Mill
» items
                
                | Scroll of Regeneration | 2 |  | 
| Lesser Clarity Potion | 1 |  | 
| Scroll of Town Portal | 2 |  | 
| Scroll of Healing | 2 |  | 
| Orb of Fire | 1 |  | 
                8 total
  
               
              
              
1refdisrrush (
red | 135 APM | 2648 actions | 19:39)
              
 4 Far Seer 
 2 Feral Spirit
 2 Chain Lighting
 3 Shadow Hunter 
 1 Hex
 2 Healing Wave
 
                » actions 
                
                | Assign group hotkey | 35 |  | 
| Basic commands | 14 |  | 
| Build / train | 78 |  | 
| ESC pressed | 1 |  | 
| Enter build submenu | 16 |  | 
| Enter hero's abilities submenu | 7 |  | 
| Right click | 1380 |  | 
| Select / deselect | 482 |  | 
| Select group hotkey | 470 |  | 
| Use ability | 165 |  | 
                2648 total
 » units 
                
                | Peon | 16 |  | 
| Grunt | 6 |  | 
| Raider | 11 |  | 
| Troll Batrider | 12 |  | 
| Wind Rider | 2 |  | 
                47 total
 » upgrades
                
                | Berserker Strength | 1 |  | 
| Ensnare | 1 |  | 
                2 total
 » buildings
                
                | Altar of Storms | 1 |  | 
| Orc Burrow | 6 |  | 
| Barracks | 1 |  | 
| Voodoo Lounge | 1 |  | 
| Stronghold | 2 |  | 
| Beastiary | 2 |  | 
| War Mill | 1 |  | 
| Great Hall | 1 |  | 
| Fortress | 3 |  | 
                18 total
 » build order
                00:03 Altar of Storms
00:07 Orc Burrow
00:32 Barracks
01:29 Orc Burrow
01:52 Voodoo Lounge
03:02 Stronghold
03:02 Stronghold
03:32 Orc Burrow
05:44 Beastiary
05:47 Beastiary
06:10 Orc Burrow
07:24 War Mill
09:38 Great Hall
09:53 Orc Burrow
14:41 Fortress
14:41 Fortress
14:42 Fortress
16:24 Orc Burrow
» items
                
                | Healing Salve | 2 |  | 
| Lesser Clarity Potion | 2 |  | 
| Scroll of Speed | 2 |  | 
| Scroll of Town Portal | 4 |  | 
| Scroll of Regeneration | 1 |  | 
                11 total
  
               observersGobiner, 
kunt.roII, 
298739283939208 Chat log
          (00:11 / All) TALONSAREIMBA: have fun
(00:13 / All) TIMG4STRok: gg gl
(00:23 / All) TALONSAREIMBA: I expect u on vent
(00:25 / All) TALONSAREIMBA: saying stuff like
(00:25 / All) greedoFthenoob: bl dont have fun
(00:32 / All) TALONSAREIMBA: u guys got lucky
(00:51 / All) TIMG4STRok: OY MY BROTHERS BEATIN ME FOR CHATTIN ON THE VENTREEEEELO
(01:01 / All) TALONSAREIMBA: Lol
(01:02 / All) TIMG4STRok: jk turk
(01:15 / Observers) Gobiner: summons
(01:29 / All) TALONSAREIMBA:  /stats greedofthenoob
(02:03 / All) TALONSAREIMBA: So how much gold will I have
(02:06 / All) TALONSAREIMBA: cause I outmicro you guys
(02:09 / All) TALONSAREIMBA: and I dont make units
(02:23 / Observers) kunt.roII: RUH ROH
(02:29 / Observers) kunt.roII: RAPE AT PINK SOON?
(02:31 / Observers) 298739283939208: how many fiends will talons lose
(02:32 / Observers) 298739283939208: lol
(02:36 / Observers) kunt.roII: i know right
(03:12 / Observers) 298739283939208: full hp footy micro
(03:13 / Observers) 298739283939208: lol
(03:31 / Observers) kunt.roII: LOL
(03:37 / Observers) Gobiner: gg
(03:40 / All) TALONSAREIMBA: Lol
(05:22 / All) greedoFthenoob: gg nubs
(05:24 / Observers) kunt.roII: LOL
(05:25 / Observers) Gobiner: lollin @ dis
(05:47 / Observers) kunt.roII: talons carrying timg
(05:50 / Observers) Gobiner: aye
(05:59 / Observers) kunt.roII: timg doesnt know how to play ghouls that well...
(06:03 / Observers) 298739283939208: cause you can ghoul vs huorc
(06:07 / Observers) 298739283939208: CANT
(06:08 / Observers) 298739283939208: TT
(06:21 / Observers) 298739283939208: CAUSE
(06:24 / Observers) 298739283939208: GHOULS IS BASICALLY
(06:30 / Observers) 298739283939208: TO SCARE
(06:32 / Observers) 298739283939208: AND HARASS
(06:36 / Observers) kunt.roII: he had str v. early game
(06:37 / Observers) kunt.roII: u dont creep..
(06:41 / Observers) Gobiner: gg
(06:42 / Observers) kunt.roII: go harass one and give pink time to get fiends
(06:44 / Observers) 298739283939208: U CAN NEVER FIGHT WITH THEM VS ORC HU ONCE BOTH ARE T2
(07:07 / Observers) 298739283939208: cause of that
(07:14 / Observers) 298739283939208: and sh 
(07:15 / All) TALONSAREIMBA: nice deny faggot
(10:46 / Observers) Gobiner: that expo's going down
(10:52 / Observers) kunt.roII: aye
(12:05 / Observers) 298739283939208: no link from red
(12:16 / Observers) kunt.roII: timg n talons so disorganized lmao
(12:22 / Observers) 298739283939208: and yellow should retrain blizz
(12:41 / Observers) Gobiner: got what?
(12:46 / Observers) Gobiner: ic
(14:03 / Observers) kunt.roII: raped so hard
(14:08 / Observers) Gobiner: laffo
(14:15 / Observers) 298739283939208: ;\?
(14:16 / Observers) kunt.roII: im sorry but timg losing 5 ghouls for nothing wasnt bc he went ghouls..
(14:21 / Observers) kunt.roII: it was bc he sucked?
(14:34 / Observers) Gobiner: dreadlord 3rd?
(14:38 / Observers) 298739283939208: WELL HE ONLY NEEDED LIKE
(14:39 / Observers) kunt.roII: yeah
(14:41 / All) greedoFthenoob: so ez
(14:56 / Observers) kunt.roII: dl 3rd isnt bad
(15:05 / Observers) Gobiner: with a dreadlord already in it?
(15:07 / Observers) kunt.roII: timging sleep to stop a good hex or whatever
(15:13 / Observers) Gobiner: ok
(15:20 / Observers) 298739283939208: CLORD WOULD OF BEEN
(15:22 / Observers) 298739283939208: MUCH BETTER
(15:25 / Observers) 298739283939208: FOR THE SITUATION
(15:28 / Observers) kunt.roII: yeah
(17:01 / Observers) Gobiner: nice
(17:07 / Observers) 298739283939208: ;p
(17:08 / Observers) Gobiner: rallying bats to creep camp
(17:14 / Observers) 298739283939208: probably
(17:16 / Observers) 298739283939208: to the back
(17:19 / Observers) 298739283939208: by the mill
(17:20 / Observers) 298739283939208: but
(17:23 / Observers) 298739283939208: they just attack
(17:26 / Observers) Gobiner: probably a noob
(18:22 / Observers) Gobiner: wow
(18:24 / Observers) Gobiner: undead is imba
(18:49 / All) TIMG4STRok: 2ez
(18:53 / All) greedoFthenoob: lucky
(18:57 / All) greedoFthenoob: undead is bullshit
(18:58 / All) TALONSAREIMBA: I wasnt trying
(19:00 / All) greedoFthenoob: had you raped the whole game
(19:01 / All) TALONSAREIMBA: for the first
(19:01 / All) TALONSAREIMBA: 10 mins
(19:02 / All) TALONSAREIMBA: idiot
(19:03 / All) TIMG4STRok: ahahaha
(19:06 / All) TALONSAREIMBA: u embarassed yet
(19:06 / All) TIMG4STRok: i go ghoul
(19:08 / All) TIMG4STRok: and you lose
(19:11 / All) TIMG4STRok: how does it feel
(19:11 / All) greedoFthenoob: Just goes to show
(19:14 / All) greedoFthenoob: undead is bullshit
(19:18 / All) TALONSAREIMBA: yup ud is bullshit
(19:21 / All) TALONSAREIMBA: double ud sucks so bad
(19:24 / All) TALONSAREIMBA: when timg goes ghoul
(19:26 / All) TALONSAREIMBA: idiot
(19:33 / All) TALONSAREIMBA: Way to suck
(19:39 / All) TALONSAREIMBA: bat my frost armored frosts